 Dungeon Crawl Stone Soup version 0.26.0-16-gc1dbca0489 (webtiles) character file.

Game seed: 12662037798619262588

66665 SkeletonJelly the Carver (level 14, -7/129 HPs)
             Began as a Pale Draconian Fighter on Jan 19, 2021.
             Was a High Priest of Makhleb.
             Killed from afar by a hell hog (18 damage)
             ... with a fireball
             ... in a volcano.
             The game lasted 01:12:40 (21620 turns).

SkeletonJelly the Carver (Pale Draconian Fighter)  Turns: 21620, Time: 01:12:41

Health: -7/129     AC: 13    Str: 19    XL:     14   Next: 80%
Magic:  0/22       EV: 21    Int:  9    God:    Makhleb [*****.]
Gold:   1580       SH: 15    Dex: 21    Spells: 13/13 levels left

rFire    . . .     SeeInvis +   I - +9 scimitar (flame)
rCold    . . .     Faith    .   b - +1 kite shield
rNeg     . . .     Spirit   +   (armour unavailable)
rPois    +         Reflect  .   N - +2 hat {SInv}
rElec    .         Harm     .   f - +0 cloak
rCorr    .         Rampage  .   (no gloves)
Will     +....                  O - +1 pair of boots
Stlth    ++........             F - amulet of guardian spirit
HPRegen  0.31/turn              m - ring of poison resistance
MPRegen  0.18/turn              Q - +6 ring of dexterity

@: no status effects
A: breathe steam, unfitting armour, cold-blooded, AC +8
a: Breathe Steam, Renounce Religion, Minor Destruction, Lesser Servant of
Makhleb, Major Destruction, Greater Servant of Makhleb


You were in a volcano.
You worshipped Makhleb.
Makhleb was extremely pleased with you.
You visited 4 branches of the dungeon, and saw 21 of its levels.
You also visited: Bailey, Ice Cave and Volcano.

You collected 1580 gold pieces.

Inventory:

Hand Weapons
 h - a +2 demon blade of flaming
 A - a +0 scimitar of freezing
 I - a +9 scimitar of flaming (weapon)
Missiles
 r - 39 poisoned darts (quivered)
 G - 5 boomerangs of dispersal
 H - 13 boomerangs
 T - 5 datura-tipped darts
Armour
 b - a +1 kite shield (worn)
 f - a +0 cloak (worn)
 N - a +2 hat of see invisible (worn)
 O - a +1 pair of boots (worn)
Jewellery
 m - a ring of poison resistance (left hand)
 E - an uncursed ring of ice
 F - an amulet of guardian spirit (around neck)
 P - an uncursed ring of magical power
 Q - a +6 ring of dexterity (right hand)
 V - an uncursed amulet of the acrobat
 W - a cursed -4 ring of dexterity
 X - an uncursed amulet of reflection
Wands
 j - a wand of iceblast (2)
 z - a wand of enslavement (4)
 S - a wand of flame (4)
 U - a wand of paralysis (9)
Scrolls
 e - 3 scrolls of enchant armour
 i - 7 scrolls of identify
 l - 3 scrolls of teleportation
 p - 10 scrolls of remove curse
 q - 4 scrolls of enchant weapon
 s - 3 scrolls of blinking
 t - 4 scrolls of fog
 y - 2 scrolls of amnesia
 D - 3 scrolls of fear {unknown}
 J - a scroll of immolation
 K - 2 scrolls of brand weapon
 M - 2 scrolls of summoning
Potions
 a - 9 potions of ambrosia
 c - 6 potions of might
 d - 3 potions of mutation
 g - 12 potions of curing
 k - 3 potions of invisibility
 n - 7 potions of attraction
 o - 5 potions of flight
 u - 3 potions of brilliance
 w - 2 potions of lignification
 x - 5 potions of berserk rage
 C - 6 potions of heal wounds
 L - a potion of experience {unknown}
 R - a potion of magic {unknown}
 Y - 2 potions of haste {unknown}
 Z - a potion of resistance
Miscellaneous
 v - a lightning rod (4/4)
 B - a condenser vane


   Skills:
 + Level 13.6 Fighting
 - Level 14.0 Long Blades
 + Level 10.8 Dodging
 + Level 13.9 Shields
 + Level 11.2 Invocations


You had 13 spell levels left.
You didn't know any spells.
Your spell library contained the following spells:

 Spells                   Type           Power        Failure   Level
 Animate Skeleton         Necr           0%           43%         1
 Apportation              Tloc           0%           43%         1
 Beastly Appendage        Tmut           0%           43%         1
 Corona                   Hex            0%           43%         1
 Magic Dart               Conj           0%           43%         1
 Pain                     Necr           0%           43%         1
 Summon Small Mammal      Summ           0%           43%         1
 Blink                    Tloc           N/A          56%         2
 Call Imp                 Summ           0%           56%         2
 Ensorcelled Hibernation  Hex/Ice        0%           56%         2
 Slow                     Hex            0%           56%         2
 Wereblood                Tmut           0%           56%         2
 Conjure Flame            Conj/Fire      0%           80%         3
 Mephitic Cloud           Conj/Pois/Air  0%           80%         3
 Spider Form              Tmut/Pois      0%           80%         3
 Vampiric Draining        Necr           0%           80%         3
 Animate Dead             Necr           0%           99%         4
 Ice Form                 Ice/Tmut       0%           99%         4
 Agony                    Necr           0%           100%        5
 Blade Hands              Tmut           0%           100%        5
 Borgnjor's Vile Clutch   Necr/Erth      0%           100%        5
 Silence                  Hex/Air        0%           100%        5
 Shadow Creatures         Summ           N/A          100%        6


Dungeon Overview and Level Annotations

Branches:
Dungeon (12/15)            Temple (1/1) D:6            Lair (6/6) D:11
 Shoals (0/4) Lair:4       Spider (0/4) Lair:4        Slime (0/5) Lair:6
    Orc (2/2) D:10            Elf (0/3) Orc:2        Bailey (visited)
  IceCv (visited)         Volcano (1/1)

Altars:
Ashenzari
Cheibriados
Dithmenos
Elyvilon
Fedhas
Gozag
Hepliaklqana
Kikubaaqudgha
Makhleb
Nemelex Xobeh
Okawaru
Qazlal
Ru
Sif Muna
Trog
Uskayaw
Vehumet
Wu Jian
Xom
Yredelemnul
Zin
The Shining One
Jiyva

Shops:
D:4 =   D:5 (   Orc:2 :

Annotations:
D:6 2 transporters
Lair:2 exclusion: 3 oklob plants
Lair:6 1 runed translucent door


Innate Abilities, Weirdness & Mutations

You can breathe blasts of scalding, opaque steam.
Your pale cyan-grey scales are hard. (AC +8)
You cannot fit into any form of body armour.
You are cold-blooded and may be slowed by cold attacks.


Message History

It stops flaming.
You block the centaur's attack.
The fire bat bites your blizzard demon but does no damage.
Your blizzard demon gestures at the centaur.
The bolt of lightning hits the centaur!!
The centaur dies!
Makhleb accepts your kill.
The fire bat bites you but does no damage.
Your blizzard demon hits the fire bat.
Your blizzard demon misses the fire bat.
The fire bat completely misses you.
You riposte.
You slice the fire bat!! You tail-slap the fire bat.
You kill the fire bat!
Makhleb accepts your kill.
The two-headed ogre hits your blizzard demon with a +1 great mace of flaming!!
The two-headed ogre burns your blizzard demon!!
The two-headed ogre hits your blizzard demon with a +0 great mace of flaming!
The two-headed ogre burns your blizzard demon.
Your blizzard demon dies!
Things that are here:
a +1 shortbow of flaming; 16 arrows; a hell hound corpse You block the two-headed ogre's attack. x2
There is an open door, spattered with blood here.
You see here 2 arrows.
You slash the two-headed ogre! You burn the two-headed ogre.
The two-headed ogre is moderately wounded.
You block the two-headed ogre's attack. The two-headed ogre closely misses you.
You slash the two-headed ogre! You burn the two-headed ogre.
You tail-slap the two-headed ogre, but do no damage.
The two-headed ogre is heavily wounded.
You slice the two-headed ogre!! You burn the two-headed ogre.
You tail-slap the two-headed ogre.
You kill the two-headed ogre!
Makhleb accepts your kill.
You feel better.
No target in view!
No target in view!
No target in view!
No target in view!
No target in view!
Things that are here:
a +1 great mace of flaming; a +0 great mace of flaming You see here a demon blade of flaming.
h - a demon blade of flaming Your +9 scimitar of flaming stops flaming.
Your +2 demon blade of flaming bursts into flame!
h - a +2 demon blade of flaming (weapon)
Your +2 demon blade of flaming stops flaming.
Your +9 scimitar of flaming bursts into flame!
I - a +9 scimitar of flaming (weapon)
You don't know any spells.
You see here a leather armour of fire resistance.
You now have 1580 gold pieces (gained 10).
Things that are here:
a +1 great mace of flaming; a +0 great mace of flaming
There is an open door, spattered with blood here.
You see here 2 arrows.
Things that are here:
a +2 shortbow of flaming; 22 arrows The air gets thick with the scent of sulphur.
In the distance, the volcano erupts with a roar.
You open the door. 2 salamanders come into view.
A salamander is wielding a +1 glaive of venom.
A fire bat and a hell hog come into view.
The hell hog breathes fire at you.
The fireball explodes!
The fireball engulfs you!!
The fireball engulfs the salamander.
The salamander completely resists.
The fireball engulfs the hell hog.
The hell hog resists.
The hell hog completely misses you.
You riposte.
You slash the hell hog!
The hell hog is lightly wounded.
You block the salamander's attack.
Found a bardiche of flaming.
There is an open door here.
The salamander hits you with a +0 glaive.
You are engulfed in flames!
The salamander misses you.
There's a creature in the doorway!
The fire bat bites you but does no damage.
The hell hog misses you.
You riposte.
You slash the hell hog!
You tail-slap the hell hog, but do no damage.
The hell hog is moderately wounded.
The salamander hits you from afar with a +0 glaive!
You are engulfed in flames!
You block the fire bat's attack.
A demon appears!
The fire bat closely misses you.
The salamander hits you from afar with a +1 glaive of venom!!
You are engulfed in flames!
The hell hog breathes fire at you.
The fireball explodes!
The fireball engulfs you!!!
* * * LOW HITPOINT WARNING * * *
The fireball engulfs the hell hog.
The hell hog resists.
The fireball engulfs the fire bat.
The fire bat completely resists.
You block the fire bat's attack.
A demon appears!
The fire bat misses you.
You riposte.
You slice the fire bat!! You tail-slap the fire bat.
You kill the fire bat!
Makhleb accepts your kill. You block the hell hog's attack.
The salamander barely misses you. You block the salamander's attack.
The hell hog breathes fire at you.
The fireball explodes!
The fireball engulfs you!!
You die...

≈≈≈≈§≈..## ##..≈≈≈≈≈≈
≈≈§≈≈≈§.# #^≈≈≈≈≈≈≈
≈§≈≈≈...# +^≈.≈≈≈≈≈
#≈§≈≈≈≈.# #^.≈≈≈≈≈≈
≈≈≈≈§§§.## ##.≈.≈≈≈≈≈
≈≈≈≈§≈§..####...≈≈≈≈≈≈
§≈≈≈§≈≈........≈≈≈≈≈≈≈
#≈≈≈§§§..####..≈≈≈≈≈≈≈
≈≈§≈≈.≈.##@.##..≈≈≈≈≈≈
#§§§§≈.^#h..3#..≈≈≈≈≈≈
§#§§≈≈≈.'NN3.#..≈≈≈≈≈≈
≈≈≈≈≈≈§.#....#.≈≈≈≈≈≈≈
≈≈≈≈≈≈..##.)##.≈≈≈≈≈≈≈
≈§§≈≈≈...####...≈≈≈≈≈≈≈
≈≈§§§§...........≈≈≈≈≈≈
#§≈§≈§§..####..≈≈≈≈≈≈≈≈
≈§§§≈.≈.##..##.≈≈≈≈≈≈≈≈


You could see 2 salamanders, a hell hog (catching breath), a friendly smoke
demon (summoned) and a friendly neqoxec (summoned).

Vanquished Creatures
  A frost giant (IceCv)
  6 hydras
  Erica (D:8)
  A two-headed ogre (Volcano)
  A catoblepas (Lair:5)
  3 death yaks
  4 orc knights (Bailey)
  A cyclops (D:11)
  3 oklob plants
  3 black mambas
  2 ice statues (IceCv)
  Maurice (D:8)
  A centaur zombie (D:10)
  36 cane toads
  Joseph (D:8)
  2 rime drakes
  8 torpor snails
  5 komodo dragons
  A troll (D:9)
  3 meliai (Lair:4)
  14 polar bears
  4 tyrant leeches (Lair:6)
  5 jumping spiders (Lair:4)
  35 blink frogs
  3 dream sheep (Lair:5)
  A meliai zombie (D:10)
  2 redbacks (Lair:4)
  42 yaks
  A vampire (D:10)
  2 fire bats (Volcano)
  7 wyverns
  6 basilisks
  A steam dragon (D:10)
  6 vampire mosquitoes (Lair:6)
  A warg (Orc:2)
  A hell hound (Volcano)
  19 water moccasins
  An eye of draining (D:8)
  15 orc warriors
  A sky beast (D:6)
  3 black bears
  7 ogres
  2 phantoms
  A necrophage (D:10)
  6 centaurs
  19 wolves
  25 bullfrogs
  A scorpion (D:4)
  20 killer bees (Lair:4)
  4 electric eels
  8 wights
  2 howler monkeys
  2 bullfrog zombies
  3 hounds
  17 jellies
  Crazy Yiuf (D:2)
  6 bullfrog skeletons
  7 orc priests
  A centaur skeleton (D:7)
  3 iguanas
  15 orc wizards
  7 worker ants
  2 hound skeletons
  A worker ant zombie (D:8)
  A gnoll (D:1)
  A howler monkey skeleton (D:7)
  17 adders
  A shadow imp (D:7)
  11 white imps
  An ufetubus (D:8)
  14 oozes
  An adder zombie (D:5)
  An adder skeleton (D:4)
  2 worms (D:2)
  13 dart slugs
  6 leopard geckos
  79 orcs
  3 ball pythons
  8 bats
  11 giant cockroaches
  16 goblins
  11 hobgoblins
  23 jackals
  4 quokkas
  A ball python skeleton (D:4)
  4 frilled lizards
  A jackal zombie (D:7)
  12 kobolds
  A quokka skeleton (D:7)
  8 rats
665 creatures vanquished.

Vanquished Creatures (collateral kills)
  Snorg (Lair:4)
  A boulder beetle (D:11)
  A hydra (Lair:4)
  2 cane toads
  A queen bee (Lair:4)
  A polar bear (IceCv)
  2 blink frogs (Lair:6)
  A basilisk (D:11)
  2 yaks
  A fire bat (Volcano)
  A water moccasin (D:11)
  A sky beast (D:11)
  A wolf (IceCv)
  2 centaurs (Volcano)
  An electric eel (Lair:6)
  A worker ant zombie (D:11)
  2 white imps (Lair:4)
22 creatures vanquished.

Vanquished Creatures (others)
  A wizard (D:10)
  An orc wizard (D:8)
  A white imp (Lair:4)
  A quokka (D:9)
  A bush (D:11)
  60 fungi
  145 plants
  6 toadstools (D:2)
216 creatures vanquished.

Grand Total: 903 creatures vanquished

Notes
Turn   | Place    | Note
-------+----------+-------------------------------------------
     0 | D:1      | SkeletonJelly the Draconian Fighter began the quest for the
                  | Orb.
     0 | D:1      | Reached XP level 1. HP: 19/19 MP: 1/1
   115 | D:1      | Reached XP level 2. HP: 10/26 MP: 2/2
   867 | D:1      | Reached XP level 3. HP: 33/33 MP: 3/3
  1548 | D:2      | Found a runed translucent door.
  1549 | D:2      | Noticed Crazy Yiuf
  1617 | D:2      | Reached skill level 3 in Long Blades
  1617 | D:2      | Reached XP level 4. HP: 39/40 MP: 4/4
  2009 | D:2      | Reached XP level 5. HP: 18/47 MP: 5/5
  2572 | D:2      | Killed Crazy Yiuf
  2573 | D:2      | Reached skill level 5 in Fighting
  2777 | D:3      | Reached skill level 4 in Long Blades
  2777 | D:3      | Reached XP level 6. HP: 41/56 MP: 6/6
  4140 | D:4      | Your scales start taking on a pale cyan-grey colour.
  4140 | D:4      | Reached XP level 7. HP: 24/62 MP: 7/7
  4360 | D:4      | Found Xoeloghia's Jewellery Shop.
  4484 | D:4      | Reached skill level 5 in Long Blades
  5069 | D:5      | Entered Level 5 of the Dungeon
  5312 | D:5      | Found Onett's Weapon Shop.
  5430 | D:5      | Reached XP level 8. HP: 71/71 MP: 8/8
  5460 | D:5      | Reached skill level 6 in Long Blades
  5872 | D:6      | Reached skill level 5 in Shields
  6235 | D:6      | Found a staircase to the Ecumenical Temple.
  6269 | D:6      | Reached skill level 5 in Dodging
  6271 | D:6      | Reached skill level 7 in Long Blades
  6439 | Temple   | Entered the Ecumenical Temple
  6724 | Temple   | Became a worshipper of Makhleb the Destroyer
  6747 | D:6      | Found a transporter.
  6749 | D:6      | Found a transporter.
  6754 | D:6      | Noticed a manticore
  6754 | D:6      | Noticed a cyclops
  6764 | D:6      | Found a hazy altar of Hepliaklqana.
  6957 | D:6      | Noticed an oklob plant
  6961 | D:6      | Reached XP level 9. HP: 80/81 MP: 9/9
  6966 | D:6      | Reached skill level 1 in Invocations
  6982 | D:6      | Killed an oklob plant
  7171 | D:7      | Reached * piety under Makhleb
  7701 | D:7      | Reached skill level 8 in Long Blades
  8363 | D:7      | Reached ** piety under Makhleb
  9015 | D:8      | Noticed Erica
  9023 | D:8      | Killed Erica
  9024 | D:8      | Reached XP level 10. HP: 91/91 MP: 12/12
  9069 | D:8      | Noticed Joseph
  9081 | D:8      | Reached skill level 9 in Long Blades
  9096 | D:8      | Killed Joseph
  9103 | D:8      | Found a flagged portal.
  9117 | Bailey   | Entered a bailey
  9164 | Bailey   | Reached *** piety under Makhleb
  9306 | Bailey   | Noticed an orc knight
  9307 | Bailey   | Noticed an orc knight
  9336 | Bailey   | Killed an orc knight
  9351 | Bailey   | Killed an orc knight
  9647 | Bailey   | Noticed an orc knight
  9678 | Bailey   | Killed an orc knight
  9679 | Bailey   | Reached skill level 10 in Fighting
  9679 | Bailey   | Reached skill level 5 in Invocations
  9700 | Bailey   | Noticed an orc knight
  9721 | Bailey   | Killed an orc knight
  9722 | Bailey   | Reached skill level 10 in Long Blades
  9979 | D:8      | Noticed Maurice
 10074 | D:8      | Killed Maurice
 10075 | D:8      | Reached XP level 11. HP: 97/99 MP: 15/15
 10605 | D:9      | Found a white marble altar of Elyvilon.
 10656 | D:9      | Reached **** piety under Makhleb
 11190 | D:10     | Entered Level 10 of the Dungeon
 11190 | D:10     | Found a staircase to the Orcish Mines.
 11457 | D:10     | Found a bloodstained altar of Trog.
 11460 | D:10     | Noticed a wizard
 11465 | D:10     | Killed a wizard
 11966 | D:11     | Noticed a boulder beetle
 11991 | D:11     | Killed a boulder beetle
 12643 | D:11     | Found a staircase to the Lair.
 12665 | D:11     | Reached skill level 11 in Long Blades
 12677 | D:11     | Reached skill level 10 in Shields
 13093 | Lair:1   | Entered Level 1 of the Lair of Beasts
 13295 | Lair:1   | Noticed an eight-headed hydra
 13298 | Lair:1   | Noticed an eight-headed hydra
 13339 | D:11     | Killed a six-headed hydra
 13340 | D:11     | Reached XP level 12. HP: 18/108 MP: 4/17
 13784 | D:11     | Killed a seven-headed hydra
 13954 | Lair:1   | Found a burning altar of Makhleb.
 14149 | Lair:1   | Noticed an eight-headed hydra
 14161 | Lair:1   | Killed a three-headed hydra
 14162 | Lair:1   | Reached skill level 12 in Long Blades
 14984 | Lair:2   | Noticed a seven-headed hydra
 15010 | Lair:2   | Killed a four-headed hydra
 15032 | Lair:2   | Noticed an eight-headed hydra
 15045 | Lair:2   | Killed a six-headed hydra
 15097 | Lair:2   | Found a snail-covered altar of Cheibriados.
 15396 | Lair:2   | Reached XP level 13. HP: 110/117 MP: 17/19
 15801 | Lair:3   | Reached skill level 13 in Long Blades
 15807 | Lair:3   | Reached ***** piety under Makhleb
 16394 | Lair:4   | Noticed a blizzard demon
 16396 | Lair:4   | Found a frozen archway.
 16397 | Lair:4   | Noticed a blizzard demon
 16406 | IceCv    | Entered an ice cave
 17253 | IceCv    | Noticed a frost giant
 17281 | IceCv    | Killed a frost giant
 17608 | IceCv    | Identified the +9 glaive of the Foot {spect, *Drain +Fly
                  | Str+8} (You found it in an ice cave)
 18001 | Lair:4   | Found a staircase to the Shoals.
 18048 | Lair:4   | Found a hole to the Spider Nest.
 18215 | Lair:4   | Noticed Snorg
 18532 | Lair:4   | Reached skill level 14 in Long Blades
 18536 | Lair:4   | Reached XP level 14. HP: 103/127 MP: 15/21
 18642 | Lair:4   | Killed Snorg
 18988 | Lair:5   | Reached skill level 10 in Dodging
 18988 | Lair:5   | Reached skill level 10 in Invocations
 19407 | Lair:5   | Found a burning altar of Makhleb.
 19455 | Lair:5   | You fall into a shaft and drop 1 floor!
 19455 | Lair:6   | Entered Level 6 of the Lair of Beasts
 20375 | Lair:6   | Found a runed translucent door.
 20375 | Lair:6   | Found a viscous altar of Jiyva.
 20380 | Lair:6   | Noticed an acid blob
 20381 | Lair:6   | Found a staircase to the Slime Pits.
 20488 | Lair:6   | Reached ****** piety under Makhleb
 21142 | Orc:1    | Entered Level 1 of the Orcish Mines
 21224 | Orc:2    | Entered Level 2 of the Orcish Mines
 21259 | Orc:2    | Found Lacage Toch's Book Shoppe.
 21261 | Orc:2    | Found a dark tunnel.
 21273 | Volcano  | Entered a volcano
 21620 | Volcano  | Killed from afar by a hell hog

Illustrated notes

Levels and vault maps discovered:
D:1:      scummos_arrival_hexagon, layout_loops_cross, minmay_ruptured
D:2:      cheibrodos_fertilizer, layout_basic, uniq_crazy_yiuf_cottage
D:3:      layout_basic
D:4:      layout_cave_pools, serial_shops, shop_fountains
D:5:      layout_loops_ring, serial_shops, shop_fountains, dk_noncrumbling_3
D:6:      lemuel_slime, layout_basic, gammafunk_temple_overflow_arena,
          minmay_temple_entry_statues_fountains
D:7:      kennysheep_slugbush, layout_basic, minmay_misc_feat_alley,
          grunt_ministairs_15, minmay_manual_monolith
D:8:      layout_cave_pools, enter_bailey_3, minmay_sticks_and_stones,
          uniq_maurice, uniq_joseph, uniq_erica
D:9:      layout_roguey, elyvilon_altar_4
D:10:     layout_roguey, orc_0_dummy, trog_wizard
D:11:     layout_basic, minmay_lair_entry_grove
D:12:     layout_roguey, minmay_fractal_squares_gapless_5
Temple:   nicolae_temple_the_god_donut
Lair:1:   layout_regular_city, basic_altar, grunt_megastairs_2
Lair:2:   layout_chaotic_city, serial_bayou_ford_a, kennysheep_snail_temple,
          lemuel_fruit_fields, minmay_lair_oklob_chamber
Lair:3:   layout_misc_corridors
Lair:4:   layout_loops_ring, shoals_dummy_entry,
          nicolae_spider_entry_tight_spaces, special_room [special_room_bee],
          portal_ice_cave_entry_imps, infiniplex_staircase_pool, uniq_snorg
Lair:5:   layout_small_grid, basic_altar, grunt_megastairs_3
Lair:6:   minmay_lair_end_frog_pond, layout_misc_corridors, slime_altar_2,
          infiniplex_staircase_pool_2
Orc:1:    layout_diamond_mine, basic_altar, uniq_sonja
Orc:2:    grunt_orc_cross, layout_caves, nicolae_volcano_entry_hallway,
          serial_shops, shop, nicolae_shop_stone, shop, shop, basic_altar
Volcano:  volcano_village

Skill      XL: |  1  2  3  4  5  6  7  8  9 10 11 12 13 14 |
---------------+-------------------------------------------+-----
Dodging        | 3 4 5 6 7 8 9 10 | 10.8
Fighting       | 4 5 6 8 9 10 11 12 13 | 13.6
Long Blades    | 3 4 5 7 8 10 11 12 14 | 14.0
Shields        | 4 5 7 8 10 11 13 | 13.9
Invocations    | 3 5 7 8 9 11 | 11.2

Action                   |  1- 3 |  4- 6 |  7- 9 | 10-12 | 13-15 || total
-------------------------+-------+-------+-------+-------+-------++-------
Melee: Long sword        |   126 |   223 |   319 |    14 |       ||   682
       Tailslap          |    11 |    28 |    48 |    87 |   145 ||   319
       Scimitar          |       |       |       |   390 |   608 ||   998
Throw: Dart              |       |     3 |     3 |     3 |       ||     9
Invok: Lesser Servant of |       |       |       |     9 |    11 ||    20
       Minor Destruction |       |       |       |       |    10 ||    10
       Greater Servant o |       |       |       |       |     3 ||     3
 Abil: Breathe Steam     |       |       |    29 |    82 |    68 ||   179
Evoke: Wand              |       |       |    13 |    14 |       ||    27
       Lightning rod     |       |       |     1 |     4 |       ||     5
  Use: Scroll            |       |       |     6 |    14 |    25 ||    45
       Potion            |       |       |       |     1 |       ||     1
 Stab: Sleeping          |     2 |       |     1 |     2 |     1 ||     6
       Distracted        |       |     1 |       |     1 |     4 ||     6
       Paralysed         |       |       |       |     2 |       ||     2
       Petrifying        |       |       |       |       |     1 ||     1
       Petrified         |       |       |       |       |     1 ||     1
Armor: Skin              |    36 |    48 |    76 |    72 |   102 ||   334
Dodge: Dodged            |    44 |   114 |   156 |   248 |   348 ||   910
Block: Kite shield       |    82 |   100 |   165 |   297 |   421 ||  1065
       Rpst.: Long sword |    13 |    31 |    45 |     2 |       ||    91
       Scimitar          |       |       |       |    59 |    87 ||   146
